 Dungeon Crawl Stone Soup version 0.30.1-1-g62c8e00024 (webtiles) character file.

Game seed: 11030456866963542902

513 Cheops the Basher (level 7, -19/57 HPs)
             Began as a Minotaur Fighter on July 15, 2023.
             Killed by an exploding orc wizard (45 damage)
             ... ignited by their inner flame
             ... on level 4 of the Dungeon on July 16, 2023.
             The game lasted 00:05:34 (2617 turns).

Cheops the Basher (Minotaur Fighter)                Turns: 2617, Time: 00:05:35

Health: -19/57     AC:  6    Str: 23    XL:     7   Next: 0%
Magic:  0/6        EV:  9    Int:  5    God:
Gold:   247        SH:  4    Dex:  9    Spells: 6/6 levels left

rFire   . . .        a - +0 flail
rCold   . . .        c - +0 buckler
rNeg    . . .        d - +0 scale mail
rPois   .            (helmet restricted)
rElec   .            (no cloak)
rCorr   .            (no gloves)
SInv    .            (no boots)
Will    +....        m - amulet of guardian spirit Stlth
                     i - ring of willpower
HPRegen 0.29/turn    o - ring of wizardry
MPRegen 0.10/turn

%: guardian spirit, wizardry (x1)
@: about to teleport
A: horns 2, retaliatory headbutt
a: no special abilities


You were on level 4 of the Dungeon.
You visited 1 branch of the dungeon, and saw 4 of its levels.

You collected 247 gold pieces.

Inventory:

Hand Weapons
 a - a +0 flail (weapon)
 b - the +9 sling of the Extremes {drain, rElec rF- rC+ Int+3}
   (You found it on level 2 of the Dungeon)

   Int:       It affects your intelligence (+3).
   rF:        It makes you vulnerable to fire.
   rC:        It protects you from cold.
   rElec:     It insulates you from electricity.
Armour
 c - a +0 buckler (worn)
 d - a +0 scale mail (worn)
Jewellery
 i - a ring of willpower (left hand)
 m - an amulet of guardian spirit (around neck)
 o - a ring of wizardry (right hand)
Wands
 t - a wand of flame (16)
Scrolls
 g - 2 scrolls of teleportation
 h - a scroll of summoning {unknown}
 j - a scroll of enchant armour {unknown}
 l - 4 scrolls of identify {unknown}
 n - a scroll of poison {unknown}
 q - a scroll of blinking {unknown}
 r - a scroll of magic mapping {unknown}
Potions
 e - 2 potions of haste {unknown}
 k - a potion of berserk rage {unknown}
 p - a potion of attraction {unknown}
 s - a potion of ambrosia {unknown}
 u - a potion of lignification {unknown}
 v - a potion of curing {unknown}
 w - a potion of brilliance {unknown}


   Skills:
 - Level 3.6 Fighting
 * Level 8.4 Maces & Flails
 + Level 3.0 Ranged Weapons
 - Level 3.6 Armour
 - Level 3.6 Shields


You had 6 spell levels left.
You didn't know any spells.
Your spell library contained the following spells:

 Spells                   Type           Power      Damage    Failure   Level
 Kiss of Death            Conj/Necr      0%         2d5       52%         1
 Confusing Touch          Hex            0%         N/A       86%         3
 Dispel Undead            Necr           0%         3d6       99%         4


Dungeon Overview and Level Annotations

Branches:
Dungeon (4/15)
 Temple: D:4-7

Altars:

Shops:
D:3 [=(

Annotations:
D:3 2 runed translucent doors, Theyli's ghost, weakling NaSu


Innate Abilities, Weirdness & Mutations

You have a pair of horns on your head.
You reflexively headbutt those who attack you in melee.


Message History

The ball python bites you. The ball python constricts you.
An orc wizard opens the door.
You barely miss Ijyb.
The orc wizard shouts!
The ball python closely misses you. You furiously retaliate!
You headbutt the ball python!
You kill the ball python!
Ijyb closely misses you.
You have reached level 7!
You completely miss Ijyb. Your headbutt misses Ijyb.
A scorpion comes into view.
Ijyb zaps a wand.
The roots erupt in riotous growth!
The grasping roots grab you!
Ijyb is unaffected.
The grasping roots constrict you.
You hit Ijyb but do no damage. Ijyb hits you with a +0 dagger.
The grasping roots constrict you.
You hit Ijyb. Your headbutt misses Ijyb.
Ijyb is lightly wounded.
Ijyb hits you with a +0 dagger.
* * * LOW HITPOINT WARNING * * *
The grasping roots constrict you.
* * * LOW HITPOINT WARNING * * *
The grasping roots release their grip on you.
Okay, then.
Okay, then.
As you read the scroll labelled BEARICKIRIJI, it crumbles to dust.
The creatures around you are filled with an inner flame!
It was a scroll of immolation.
The orc wizard barely misses you. You furiously retaliate!
You headbutt the orc wizard!
Flame seeps out of the orc wizard.
Ijyb hits you with a +0 dagger.
* * * LOW HITPOINT WARNING * * *
As you read the scroll labelled IKLUUNNUV SUENE, it crumbles to dust.
You feel strangely unstable.
It was a scroll of teleportation.
The orc wizard is engulfed in blazing flames.
The orc wizard explodes!
The fiery explosion engulfs Ijyb!!!
The fiery explosion engulfs the scorpion!!
The fiery explosion engulfs you!!!
Ouch! That really hurt!
You die...

+..###)..#.... ##
#........#.... ..
#........#.... ♣.
#.............
#####'####.......†.....
#..........(#..........
##.....§§....##....#....
......§○§..........#....
......†@§..........#....
......##...........#....
..... #.......#...#....
.... #####...#...'....
.). #...#...####. ..
######### #. . #. #. #.


There were no monsters in sight!

Vanquished Creatures
  Sigmund (D:2)
  An ogre (D:4)
  A scorpion (D:4)
  A jelly (D:4)
  Jessica (D:2)
  An orc wizard (D:4)
  Ijyb (D:4)
  Natasha (thrice) (D:3)
  7 adders
  A worm (D:2)
  A dart slug (D:1)
  8 orcs
  4 bats
  7 endoplasms
  5 giant cockroaches
  6 goblins
  3 hobgoblins
  4 jackals (D:2)
  4 quokkas
  4 ball pythons
  4 frilled lizards
  5 kobolds
  3 rats
76 creatures vanquished.

Notes
Turn   | Place    | Note
-------+----------+-------------------------------------------
     0 | D:1      | Cheops the Minotaur Fighter began the quest for the Orb.
     0 | D:1      | Reached XP level 1. HP: 19/19 MP: 0/0
    31 | D:1      | Reached skill level 3 in Maces & Flails
    78 | D:1      | Reached XP level 2. HP: 26/26 MP: 1/1
   232 | D:1      | Reached skill level 4 in Maces & Flails
   442 | D:2      | Noticed Jessica
   446 | D:2      | Killed Jessica
   447 | D:2      | Reached XP level 3. HP: 31/31 MP: 2/2
   596 | D:2      | Reached skill level 5 in Maces & Flails
   667 | D:2      | Reached XP level 4. HP: 25/39 MP: 3/3
   780 | D:2      | Found a faded altar of an unknown god.
   814 | D:2      | Noticed Sigmund
   826 | D:2      | Killed Sigmund
   827 | D:2      | Reached skill level 7 in Maces & Flails
   827 | D:2      | Reached XP level 5. HP: 36/45 MP: 2/4
   830 | D:2      | Identified the +9 sling of the Extremes {drain, rElec rF-
                  | rC+ Int+3}
  1332 | D:3      | Found Cunupt's Armour Shop.
  1391 | D:3      | Noticed Natasha
  1391 | D:3      | Found Weitimor's Antique Weapon Shoppe.
  1392 | D:3      | Killed Natasha
  1393 | D:3      | Reached XP level 6. HP: 51/51 MP: 5/5
  1393 | D:3      | Found Moil Pon's One-of-a-Kind Rings.
  1458 | D:3      | Found a large runed translucent door.
  1458 | D:3      | Found a large runed translucent door.
  1464 | D:3      | Reached skill level 1 in Ranged Weapons
  1792 | D:3      | Noticed Natasha
  1797 | D:3      | Killed Natasha
  1913 | D:3      | Noticed Theyli's ghost (weakling NaSu)
  2078 | D:3      | Noticed Natasha
  2082 | D:3      | Killed Natasha
  2393 | D:4      | Reached skill level 8 in Maces & Flails
  2606 | D:4      | Noticed Ijyb
  2613 | D:4      | Reached XP level 7. HP: 41/57 MP: 4/6
  2617 | D:4      | Killed Ijyb
  2617 | D:4      | Killed by an exploding orc wizard... ignited by their inner
                  | flame

Illustrated notes

Levels and vault maps discovered:
D:1:      wander_arrival_desolate, layout_basic
D:2:      layout_loops_ring, shapermc_ecumenical_altar_acropolis, uniq_jessica,
          uniq_sigmund
D:3:      layout_basic, ebering_ghost_disaster_area, serial_shops, shop, shop,
          st_stairs_13, nicolae_shop_unique_rings,
          wander_ebering_terrifying_dragon_lair, uniq_natasha
D:4:      layout_basic, minmay_overflow_temple_hex, kennysheep_generic_room_11,
          uniq_blork_the_orc, uniq_ijyb

Skill      XL: |  1  2  3  4  5  6 |
---------------+-------------------+-----
Maces & Flails | 3 4 5 7 8 |  8.4
Ranged Weapons | 3 |  3.0
Fighting       | |  3.6
Armour         | |  3.6
Shields        | |  3.6

Action                     |  1- 3 |  4- 6 |  7- 9 || total
---------------------------+-------+-------+-------++-------
  Melee: Flail             |    64 |    17 |     3 ||    84
         Headbutt          |     9 |     5 |       ||    14
   Fire: Sling             |       |    75 |       ||    75
    Use: Potion            |       |     1 |       ||     1
         Scroll            |       |       |     2 ||     2
 Armour: Scale mail        |    36 |    13 |       ||    49
  Dodge: Dodged            |    38 |    24 |     1 ||    63
  Block: Buckler           |    14 |    10 |       ||    24
